 Dungeon Crawl Stone Soup version 0.30.1-4-g462c640d31 (webtiles) character file.

Game seed: 8728045332861478237

65 rvierbuc the Conjurer (level 3, -10/27 HPs)
             Began as a Demigod Conjurer on Aug 22, 2023.
             Killed by divine providence
             ... invoked by an orc priest
              (11 damage)
             ... on level 4 of the Dungeon.
             The game lasted 00:13:00 (2451 turns).

rvierbuc the Conjurer (Demigod Conjurer)            Turns: 2451, Time: 00:13:01

Health: -10/27     AC:  2    Str:  8    XL:     3   Next: 66%
Magic:  7/9        EV: 12    Int: 24    God:
Gold:   176        SH:  0    Dex: 12    Spells: 3/6 levels left

rFire   . . .        f - +0 falchion
rCold   . . .        (no shield)
rNeg    . . .        a - +0 robe
rPois   .            (no helmet)
rElec   .            (no cloak)
rCorr   .            (no gloves)
SInv    .            (no boots)
Will    .....        (no amulet)
Stlth   ++           (no ring)
HPRegen 0.24/turn    (no ring)
MPRegen 0.11/turn

%: no passive effects
@: weak-willed
A: high MP 1, forlorn, divine attributes
a: no special abilities


You were on level 4 of the Dungeon.
You visited 1 branch of the dungeon, and saw 4 of its levels.

You collected 176 gold pieces.

Inventory:

Hand Weapons
 f - a +0 falchion (weapon)
Missiles
 g - 3 poisoned darts
Armour
 a - a +0 robe (worn)
Scrolls
 e - a scroll of fear
 h - a scroll of torment
 o - a scroll of teleportation
Potions
 b - a potion of magic
 m - 2 potions of degeneration {unknown}


   Skills:
 + Level 0.4 Fighting
 + Level 0.4 Long Blades
 + Level 2.0 Dodging
 + Level 2.0 Stealth
 + Level 2.2 Spellcasting
 + Level 4.4 Conjurations


You had 3 spell levels left.
You knew the following spells:

 Your Spells              Type           Power      Damage    Failure   Level
a - Magic Dart            Conj           92%        1d7       1%          1
b - Searing Ray           Conj           46%        2d6       3%          2

Your spell library contained the following spells:

 Spells                   Type           Power      Damage    Failure   Level
 Dazzling Flash           Conj/Hex       26%        N/A       14%         3
 Portal Projectile        Hex/Tloc       4%         N/A       34%         3
 Tukima's Dance           Hex            2%         N/A       34%         3
 Fulminant Prism          Conj/Hex       6%         3d6       43%         4
 Iskenderun's Mystic Bla  Conj/Tloc      13%        2d5       43%         4
 Blade Hands              Tmut           1%         N/A       97%         5


Dungeon Overview and Level Annotations

Branches:
Dungeon (4/15)
 Temple: D:4-7

Portals:
Sewer: D:4

Annotations:
D:3 Terence


Innate Abilities, Weirdness & Mutations

You have an increased reservoir of magic. (+10% MP)
You shall have no god before yourself.
Your divine heritage dramatically boosts your attributes as you level up.


Message History

The orc shouts!
You hear a shout!
You hear an angry hiss.
You hear a shout!
A ball python and an orc priest come into view.
The ball python hisses angrily.
The orc priest shouts!
A dart slug comes into view.
An orc priest comes into view. It is wielding a +0 dagger.
An orc comes into view. It is wielding a +0 trident.
Found a glowing drain.
Found a stone staircase leading up.
The orc hits you but does no damage.
An orc priest comes into view. It is wielding a +0 short sword.
A rat comes into view.
A hound comes into view.
The dart slug launches a dart at you. The slug dart hits you.
A giant cockroach comes into view.
A river rat comes into view.
The orc attacks as you move away! The orc hits you with a +0 short sword.
The orc shouts!
The iguana hisses angrily.
The dart slug launches a dart at you. The slug dart hits you.
* * * LOW HITPOINT WARNING * * *
The iguana barely misses you.
A kobold comes into view. It is wielding a +0 dagger.
The hound barks!
The kobold shouts!
The orc attacks as you move away! The orc hits you but does no damage.
The iguana attacks as you move away! The iguana barely misses you.
The giant cockroach barely misses you. The giant cockroach bites you.
* * * LOW HITPOINT WARNING * * *
The iguana barely misses you. The iguana attacks as you move away!
The iguana misses you.
A hobgoblin comes into view.
The hound bites you.
* * * LOW HITPOINT WARNING * * *
The giant cockroach barely misses you. The hound misses you.
The orc priest casts a cantrip, but nothing happens.
The kobold hits you with a +0 dagger.
* * * LOW HITPOINT WARNING * * *
A river rat comes into view.
The orc priest mumbles some strange prayers to Beogh against you.
Beogh smites you!
You die...

##### *,,,,,,,, ###########
#<$.####*,******, ..........#
###....#*,**,,,*, .########.#
**....+,,**,,,,, ,*
#.#######*<....#****,,,,, ,******
#.##....,+.....# *,,,,,
,*,,,,###o#<.#####.....# *,,,,,
,+,,..#..o.....lK...?..#****,*,,,
,*,......o....oB@......r,,,,,,,,,
,*........o...Shr~~...##****,,,,,
,*..........w..~~~~~....,* *,,,,,
,*.............~~∩~~..##,*****,,,
**####.........~~~r~...#,,,,,,,,,
,,,,............~~~.....,,,,,,,,>
****###...........g....#,,,,,,,,,
,,,,,..................#,,,*****,
,****####.....#####.,,,*,*,*****,


You could see an iguana, a hound, 3 orc priests, 2 river rats, a dart slug, 2
orcs, a giant cockroach, a hobgoblin (wandering), a ball python, a kobold and a
rat.

Vanquished Creatures
  An adder (D:3)
  3 worms
  A dart slug (D:1)
  2 bats
  6 endoplasms
  A giant cockroach (D:2)
  2 goblins
  2 hobgoblins
  3 jackals (D:3)
  4 quokkas
  7 ball pythons
  2 frilled lizards (D:1)
  6 kobolds (D:1)
  3 rats (D:1)
43 creatures vanquished.

Notes
Turn   | Place    | Note
-------+----------+-------------------------------------------
     0 | D:1      | rvierbuc the Demigod Conjurer began the quest for the Orb.
     0 | D:1      | Reached XP level 1. HP: 14/14 MP: 5/5
   413 | D:1      | Reached skill level 4 in Conjurations
   413 | D:1      | Reached XP level 2. HP: 18/20 MP: 1/7
   416 | D:1      | Learned a level 2 spell: Searing Ray
  1514 | D:2      | Reached XP level 3. HP: 26/26 MP: 6/8
  1957 | D:3      | Noticed Terence
  2445 | D:4      | Found a glowing drain.
  2451 | D:4      | HP: 1/27 [kobold/+0 dagger (2)]
  2451 | D:4      | Killed from afar by an orc priest

Illustrated notes

Levels and vault maps discovered:
D:1:      eino_arrival_water_star, layout_rooms, basic_ecumenical_altar,
          dreamdust_mushroom_princess
D:2:      layout_loops_ring
D:3:      layout_loops_ring, pf_just_have_faith, st_stairs_3, uniq_terence,
          uniq_ijyb
D:4:      layout_basic, mainiacjoe_overflow_24_doors, portal_sewer_entry_a

Skill      XL: |  1  2  3 |
---------------+----------+-----
Conjurations   | 4 |  4.4
Spellcasting   | 2 |  2.2
Stealth        | 2 |  2.0
Dodging        | 2 |  2.0
Fighting       | |  0.4
Long Blades    | |  0.4

Action                     || total
---------------------------++-------
  Melee: Unarmed           ||    11
         Punch             ||     1
         Falchion          ||    53
   Cast: Magic Dart        ||    80
         Searing Ray       ||     3
    Use: Scroll            ||     7
         Potion            ||     3
 Armour: Robe              ||    20
  Dodge: Dodged            ||    87
